 Dungeon Crawl Stone Soup version 0.29-a0-22-gbf593b16ee (webtiles) character file.

Game seed: 3709199239443513777

58 spiderkeys the Skirmisher (level 4, -1/24 HPs)
             Began as a Vine Stalker Abyssal Knight on Jan 29, 2022.
             Was a Believer of Lugonu.
             Succumbed to a scorpion's poison
             ... on level 2 of the Dungeon.
             The game lasted 00:02:24 (2092 turns).

spiderkeys the Skirmisher (VSAK)                    Turns: 2092, Time: 00:02:24

Health: -1/24      AC:  3    Str: 16    XL:     4   Next: 2%
Magic:  6/6        EV: 12    Int: 10    God:    Lugonu [**....]
Gold:   42         SH:  0    Dex: 16    Spells: 3/3 levels left

rFire   + . .      SeeInvis .   a - +1 short sword
rCold   . . .      Faith    .   (no shield)
rNeg    . . .      Spirit   +   h - +1 robe {rF+}
rPois   .          Reflect  .   (no helmet)
rElec   .          Harm     .   (no cloak)
rCorr   .          Rampage  .   (no gloves)
Will    .....                   (no boots)
Stlth   +.........              (no amulet)
HPRegen 0.88/turn               (no ring)
MPRegen 0.10/turn               (no ring)

@: lethally poisoned (-1 -> -10), hasted, very quick
A: fangs 2, regeneration 1, magic shield, antimagic bite, no potion heal 2
a: Renounce Religion, Depart the Abyss, Bend Space


You were on level 2 of the Dungeon.
You worshipped Lugonu.
Lugonu was pleased with you.
You visited 1 branch of the dungeon, and saw 2 of its levels.
You visited the Abyss 1 time.

You collected 42 gold pieces.


Innate Abilities, Weirdness & Mutations

You have extremely sharp teeth.
Your natural rate of healing is unusually fast.
When hurt, damage is shared between your health and your magic reserves.
Your bite disrupts and absorbs the magic of your enemies.
Potions cannot restore your health.


   Skills:
 + Level 3.3 Fighting
 + Level 2.5 Short Blades
 - Level 1.5 Armour
 + Level 1.7 Dodging
 - Level 1.7 Invocations


You had 3 spell levels left.
You didn't know any spells.
Your spell library contained the following spells:

 Spells                   Type           Power      Damage    Failure   Level
 Sandblast                Erth           0%         2d4       36%         1
 Passwall                 Tmut/Erth      0%         N/A       50%         2
 Stone Arrow              Conj/Erth      0%         3d7       75%         3

Inventory:

Hand Weapons
 a - a +1 short sword (weapon)
Missiles
 f - 30 bolts
 n - 23 stones
Armour
 b - a +0 leather armour
 h - a +1 robe of fire resistance (worn)
   (You found it on level 1 of the Dungeon)
Jewellery
 T - an amulet of faith {!P}
   (You found it on level 1 of the Dungeon)
Scrolls
 e - a scroll of immolation {unknown}
 g - a scroll of teleportation {unknown}
 i - a scroll of fog {unknown}
 j - a scroll of enchant weapon {unknown}
 k - a scroll of noise {unknown}
 l - a scroll of torment {unknown}
Potions
 m - a potion of might {unknown}

Dungeon Overview and Level Annotations

Branches:
Dungeon (2/15)

Altars:
Qazlal

####.##.#.#.#.....#.#
..#......#
####.#............#.#
#......#
......#.#.#.#.....#
## #......#
......#>........ ....
........#
......#.#.#.#...#.#.
#.#......#
#########.#.#......
#.#.#.#### ..... ..
...... ##... .#.
##.s# ##... .#.# #@#
.'... .#.# #)# ##...
.....##.######.
...............
.....##..#####. ....
##.# ##
.....###.#####.# .#
###..........#.# .#
#..........#.# #####


You could see a scorpion.


Message History

Your hp is fully restored (20).
A giant cockroach is nearby!
A giant cockroach is nearby!
There is an open door here.
You hit the giant cockroach. The giant cockroach misses you.
You closely miss the giant cockroach. You bite the giant cockroach.
You kill the giant cockroach!
Lugonu accepts your kill.
No target in view!
No target in view!
f - 30 bolts (gained 12) Key pressed, stopping explore.
Found a stone staircase leading down.
There is a stone staircase leading down here.
You now have 42 gold pieces (gained 6).
Found a stormy altar of Qazlal.
No target in view!
No target in view!
Key pressed, stopping explore.
An endoplasm comes into view.
The endoplasm quivers.
You hit the endoplasm.
You kill the endoplasm!
Lugonu accepts your kill.
You have reached level 4!
You feel stronger.
You begin to heal more quickly. 😎 HP[+4] MP[+1]
You now have 24 max hp (+4).
Your hp is fully restored (24).
Your mp is fully restored (6).
m - a purple potion You open the door.
Found a stone staircase leading down.
There is an open door here.
n - 23 stones A kobold comes into view. It is wielding a +0 short sword.
A kobold is nearby!
A scorpion comes into view.
You hit the kobold.
The kobold hits you with a +0 short sword. 😕 HP[-3] MP[-1]
You take 3 damage, and now have 21/24 hp.
You lost 1 mp, and now have 5/6 mp.
You closely miss the kobold. You bite the kobold.
You kill the kobold!
Lugonu accepts your kill. 😕 HP[+1]
You see here a +0 short sword. 😕 HP[+1] 😎 HP[+1]
Your hp is fully restored (24).
You hit the scorpion but do no damage.
You bite the scorpion, but do no damage.
The scorpion stings you. 😕 HP[-2] MP[-1]
You take 2 damage, and now have 22/24 hp.
You lost 1 mp, and now have 4/6 mp.
You hit the scorpion.
You bite the scorpion, but do no damage.
The scorpion stings you but does no damage. 😕 HP[+1]
You hit the scorpion. The scorpion stings you!
The scorpion closely misses you. 😮 HP[-5] MP[-1]
You take 5 damage, and now have 18/24 hp.
MASSIVE DAMAGE!! (PAUSE)
You lost 1 mp, and now have 3/6 mp.
You hit the scorpion. The scorpion stings you!
You are poisoned.
The scorpion poisons you! 😮 HP[-5] MP[-1]
You take 5 damage, and now have 13/24 hp.
MASSIVE DAMAGE!! (PAUSE)
You lost 1 mp, and now have 2/6 mp.
You closely miss the scorpion. You bite the scorpion. You drain its power.
You feel invigorated.
You feel very sick.
The scorpion closely misses you. 😨 HP[-2] MP[+2]
You take 2 damage, and now have 11/24 hp.
You regained 2 mp, and now have 4/6 mp.
You hit the scorpion.
You feel very sick. The scorpion stings you.
* * * LOW HITPOINT WARNING * * *
You are lethally poisoned!
The scorpion poisons you! 😱 HP[-6] MP[-2]
You take 6 damage, and now have 5/24 hp.
MASSIVE DAMAGE!! (PAUSE)
You lost 2 mp, and now have 2/6 mp.
Okay, then.
Okay, then.
It was a potion of haste.
You feel yourself speed up.
* * * LOW HITPOINT WARNING * * *
You feel very sick. The scorpion misses you. 😱 HP[-3]
You take 3 damage, and now have 2/24 hp.
It was a potion of magic.
Magic courses through your body.
You die...

Skill      XL: |  1  2 |
---------------+-------+-----
Short Blades   | 2 |  2.5
Dodging        | 1 |  1.7
Fighting       | 3 |  3.3
Armour         | |  1.5
Invocations    | |  1.7

Action                   |  1- 3 |  4- 6 || total
-------------------------+-------+-------++-------
Melee: Short sword       |    94 |     8 ||   102
       Bite              |    16 |     4 ||    20
  Use: Potion            |       |     2 ||     2
 Stab: Sleeping          |     2 |       ||     2
Armor: Leather armour    |    15 |       ||    15
       Robe              |     5 |     1 ||     6
Dodge: Dodged            |    46 |     3 ||    49

Levels and vault maps discovered:
D:1:      dpeg_arrival_shrine, layout_loops_ring, lemuel_old_faithful
D:2:      layout_basic, basic_altar

Notes
Turn   | Place    | Note
-------+----------+-------------------------------------------
     0 | Abyss:1  | spiderkeys the Vine Stalker Abyssal Knight began the quest
                  | for the Orb.
     0 | Abyss:1  | Reached XP level 1. HP: 11/11 MP: 3/3
     0 | Abyss:1  | magus.rc [v1.9.10]
   142 | Abyss:1  | Found a corrupted altar of Lugonu.
   158 | Abyss:1  | Found a broken altar of Ashenzari.
   160 | Abyss:1  | Found a broken altar of Ashenzari.
   204 | Abyss:1  | Found a corrupted altar of Lugonu.
   241 | Abyss:1  | Found a corrupted altar of Lugonu.
   282 | D:1      | You pass through the gate.
   282 | D:1      | Escaped the Abyss
   344 | D:1      | Reached skill level 2 in Short Blades
   344 | D:1      | Reached skill level 1 in Dodging
   417 | D:1      | Reached XP level 2. HP: 15/16 MP: 2/4
   712 | D:1      | Reached skill level 3 in Fighting
   761 | D:1      | Reached ** piety under Lugonu
   970 | D:1      | Reached XP level 3. HP: 8/20 MP: 2/5
  1739 | D:2      | You pick up a book of Geomancy and begin reading...
  1739 | D:2      | You add the spells Sandblast, Passwall and Stone Arrow to
                  | your library.
  1959 | D:2      | Found a stormy altar of Qazlal.
  2014 | D:2      | Gained mutation: Your natural rate of healing is unusually
                  | fast. [Vine Stalker growth]
  2014 | D:2      | Reached XP level 4. HP: 24/24 MP: 6/6
  2078 | D:2      | Noticed a scorpion
  2090 | D:2      | HP: 5/24 [scorpion (4)]
  2091 | D:2      | HP: 2/24 [poisoned by a scorpion]
  2092 | D:2      | Succumbed to a scorpion's poison

Vanquished Creatures
  2 adders (D:2)
  6 endoplasms
  A giant cockroach (D:2)
  5 hobgoblins
  4 kobolds
  3 ball pythons
  2 bats (D:1)
  4 frilled lizards
  7 goblins
  6 rats (D:1)
40 creatures vanquished.

Vanquished Creatures (others)
  A plant (Abyss:1)
1 creature vanquished.

Grand Total: 41 creatures vanquished

Table legend:
 A = Non-vault XP
 B = Vault XP
 C = Vault XP percentage of total XP
 D = Non-vault monster count
 E = Vault monster count
 F = Vault count percentage of total count
                 A         B        C        D         E       F
            +---------+---------+-------+---------+---------+-------
      Total |      84 |       0 |   0.0 |      40 |       0 |   0.0
            +---------+---------+-------+---------+---------+-------
        D:1 |      45 |       0 |   0.0 |      30 |       0 |   0.0
        D:2 |      39 |       0 |   0.0 |      10 |       0 |   0.0
            +---------+---------+-------+---------+---------+-------

Illustrated notes

Table legend:
 A = Kills in this place as a percentage of kills in entire the game.
 B = Kills by you in this place as a percentage of kills by you in the entire game.
 C = Kills by friends in this place as a percentage of kills by friends in the entire game.
 D = Other kills in this place as a percentage of other kills in the entire game.
 E = Experience gained in this place as a percentage of experience gained in the entire game.
 F = Experience gained in this place divided by the number of levels of this place that you have seen.
                   A       B       C       D       E      F
               +-------+-------+-------+-------+-------+----------------------
         Total | 100.0 | 100.0 |   N/A |   N/A | 100.0 |  28.0
       Dungeon | 100.0 | 100.0 |   N/A |   N/A | 100.0 |  42.0
               +-------+-------+-------+-------+-------+----------------------

Table legend: (Time is in decaauts)
 A = Elapsed time spent in this place.
 B = Non-inter-level travel time spent in this place.
 C = Inter-level travel time spent in this place.
 D = Time resting spent in this place.
 E = Time spent auto-exploring this place.
 F = Levels seen in this place.
 G = Mean time per level.
                   A        B        C        D        E       F      G
               +--------+--------+--------+--------+--------+-----+--------+
         Total |   2096 |   2074 |     22 |      0 |   1773 |   3 |  698.7 |
       Dungeon |   1812 |   1790 |     22 |      0 |   1497 |   2 |  906.0 |
         Abyss |    283 |    283 |      0 |      0 |    275 |   1 |  283.0 |
               +--------+--------+--------+--------+--------+-----+--------+

Top non-repeatable levels by time:
     D:1: 1344 daAuts
     D:2: 468 daAuts
 Abyss:1: 283 daAuts
